Map: Abiogenesis LE

Players

detholicious - Winner!

  • Race: Terran Terran
  • League: Diamond
  • Spawn Location: 11:00

wakeskate

  • Race: Zerg Zerg
  • League: Diamond
  • Spawn Location: 5:00

VOD

Have the link to the VOD?

Description

Time

  • Played on: April 19, 2018, 1:43 p.m.
  • Length: 8:57
Show
View Real Time Build Order
Export as new Build Order

detholicious Terran - Winner!

Build Orders: Reaper Expand, MMM Bio 

Get SALT Encoding   

  12  0:00  SCV  
  13  0:13  SCV  
  14  0:17  Supply Depot  
  14  0:25  SCV  
  15  0:39  SCV  
  15  0:41  Barracks  
  16  0:46  Refinery  
  16  0:51  SCV  
  17  1:08  SCV  
  19  1:29  Orbital Command  
  19  1:31  Reaper  
  19  1:42  Supply Depot  
  19  1:50  Command Center  
  19  1:55  SCV  
  19  2:12  SCV  
  19  2:13  Barracks Reactor  
  19  2:15  Refinery  
  20  2:24  SCV  
  20  2:25  Factory  
  21  2:33  Barracks  
  21  2:43  SCV  
  22  2:51  Marine x2  
  24  2:55  SCV  
  24  3:06  Orbital Command  
  24  3:13  Factory Reactor, Marine  
  24  3:14  Starport  
  24  3:18  Marine  
  26  3:23  Barracks Tech Lab  
  26  3:28  SCV  
  26  3:34  SCV  
  28  3:36  Marine  
  28  3:37  Marine  
  30  3:44  Marine  
  30  3:47  SCV  
  33  3:52  Hellion, Orbital Command  
  33  3:55  Medivac  
  36  4:07  Marine x2  
  36  4:08  Marine  
  38  4:19  Hellion x2  
  38  4:21  SCV  
  43  4:25  SCV  
  43  4:27  Supply Depot  
  43  4:31  Stimpack  
  46  4:47  Marine x2  
  46  4:48  Marine  
  46  4:49  Hellion x2, Medivac  
  53  4:53  SCV, Armory  
  54  5:02  Supply Depot  
  54  5:08  Supply Depot  
  54  5:10  Marine x3  
  54  5:11  SCV  
  54  5:12  Hellion  
  60  5:18  Hellion  
  62  5:24  SCV  
  63  5:31  Marine x3  
  63  5:34  Starport Tech Lab  
  68  5:35  Hellion  
  68  5:36  SCV  
  68  5:37  SCV  
  72  5:48  SCV  
  72  5:49  SCV  
  74  5:50  Marine  
  74  5:51  Marine x2  
  77  6:00  SCV  
  77  6:03  Starport Reactor  
  73  6:24  Marine x3  
  76  6:28  SCV  
  77  6:35  Siege Tank  
  78  6:41  Command Center  
  78  6:43  Marine x2  
  78  6:45  Marine  
  62  7:01  Medivac x2, Marine x2  
  58  7:03  Marine  
  59  7:13  Siege Tank  
  62  7:19  Marine x2  
  62  7:21  Marine  
  61  7:24  SCV  
  61  7:26  Refinery  
  61  7:27  Refinery  
  61  7:29  Combat Shields  
  59  7:33  Barracks  
  59  7:34  Barracks  
  59  7:36  Barracks, Medivac x2, Marine  
  59  7:37  SCV, Marine  
  63  7:41  Marine  
  67  7:46  SCV  
  67  7:48  Engineering Bay  
  67  7:50  Engineering Bay  
  68  7:53  Siege Tank  
  68  7:54  Marine  
  68  7:55  Orbital Command  
  68  7:56  SCV  
  68  7:57  Marine  
  74  7:58  SCV  
  74  7:59  Marine  
  76  8:12  Marine  
  77  8:15  Marine  
  78  8:24  Marine x3  
  78  8:25  Marine x2  
  83  8:30  Marine  
  81  8:36  Marine  
Show
View Real Time Build Order
Export as new Build Order

wakeskate Zerg 

Build Orders: Pool First 

Get SALT Encoding   

  12  0:01  Drone  
  13  0:22  Spawning Pool  
  13  0:26  Drone  
  13  0:29  Extractor  
  13  0:32  Drone  
  13  0:36  Drone  
  14  0:46  Overlord  
  14  1:09  Zergling x4  
  14  1:10  Zergling x2  
  17  1:14  Queen  
  19  1:20  Drone  
  20  1:31  Drone  
  21  1:34  Metabolic Boost  
  21  1:42  Drone  
  22  2:16  Overlord  
  22  2:23  Drone, Hatchery  
  22  2:35  Drone x4  
  26  2:43  Drone  
  27  2:55  Queen  
  29  3:14  Drone  
  29  3:16  Overlord  
  30  3:34  Lair  
  30  3:37  Drone x6  
  36  3:48  Drone x2  
  38  3:53  Evolution Chamber, Hatchery  
  36  4:02  Drone x2  
  38  4:05  Drone x3  
  38  4:07  Extractor  
  37  4:24  Extractor  
  37  4:27  Extractor  
  37  4:29  Zerg Melee Weapons Level 1  
  36  4:31  Drone x3  
  36  4:38  Drone x4  
  40  4:44  Overlord x4  
  42  4:50  Roach Warren  
  41  4:54  Spore Crawler, Spine Crawler  
  41  4:59  Spore Crawler  
  38  5:01  Spore Crawler  
  38  5:02  Zergling x2  
  38  5:04  Zergling x4  
  38  5:05  Spore Crawler  
  38  5:06  Zergling x2  
  40  5:08  Zergling x2  
  40  5:11  Zergling x2  
  40  5:12  Zergling x2  
  43  5:14  Zergling x2  
  43  5:18  Drone  
  43  5:19  Drone  
  43  5:20  Drone  
  47  5:31  Drone x3  
  47  5:35  Drone x4  
  54  5:38  Glial Reconstitution  
  54  5:41  Drone  
  55  5:46  Queen  
  57  5:56  Drone x3  
  61  5:57  Drone x2  
  51  6:16  Roach x6  
  51  6:17  Roach  
  63  6:25  Zergling x6  
  65  7:00  Zergling x4  
  58  7:01  Zergling x4  
  58  7:02  Zergling x4  
  51  7:34  Roach x3  
  51  7:35  Roach  
  59  7:37  Overlord x2  
  59  7:39  Hatchery  
  58  7:50  Pneumatized Carapace  
  58  7:53  Drone, Infestation Pit  
  58  7:54  Drone  
  59  8:00  Extractor  
  59  8:02  Extractor  
  59  8:05  Spore Crawler  
Tags
 
Add a new tag
Caveats
  • Supply blocks, unpowered buildings, or Contaminate may cause inaccurate times.
  • Supply counts are checked every 10 seconds.